[Event "Titled Tuesday Blitz January 17 Early 2023"]
[White "Xu, Yi"]
[Black "Salimova, Nurgyul"]
[WhiteFideId "8605564"]
[BlackFideId "2915138"]
[WhiteElo "2527"]
[BlackElo "2391"]
[Result "1/2-1/2"]
[Round "08"]
[TimeControl "180+2"]
[Date "2023.01.17"]
[WhiteClock "0:00:07"]
[BlackClock "0:00:37"]

1. e4 e5 2. Nf3 Nc6 3. Bc4 Nf6 4. d3 Bc5 5. O-O d6 6. c3 a6 7. a4 Ba7 8. Nbd2 Be6 9. Bxe6 fxe6 10. b4 O-O 11. h3 Qe8 12. Re1 Nh5 13. Nf1 Qg6 14. Be3 Nf4 15. Bxf4 Rxf4 16. Ra2 Raf8 17. N1h2 a5 18. b5 Nb8 19. Kh1 Nd7 20. g3 R4f7 21. Kg2 Qf6 22. h4 Qg6 23. Rf1 Bb6 24. Ng5 Re7 25. Qg4 h6 26. Nh3 Qxg4 27. Nxg4 Nc5 28. Rd1 Ref7 29. h5 Nd7 30. Ng1 Nc5 31. Rdd2 Nb3 32. Rd1 Nc5 33. Kf1 Kh7 34. Kg2 Kg8 1/2-1/2


[Site "https://www.chess.com"]

[Event "Titled Tuesday Blitz January 17 Early 2023"]
[White "Rohith Krishna S"]
[Black "Mitrabha, Guha"]
[WhiteFideId "46617051"]
[BlackFideId "5057000"]
[WhiteElo "2385"]
[BlackElo "2507"]
[Result "0-1"]
[Round "08"]
[TimeControl "180+2"]
[Date "2023.01.17"]
[WhiteClock "0:00:01"]
[BlackClock "0:00:14"]

1. Nf3 Nf6 2. g3 d5 3. Bg2 Bg4 4. O-O Nbd7 5. d4 c6 6. Nbd2 e6 7. c3 Be7 8. Re1 O-O 9. e4 Qb6 10. e5 Ne8 11. Nf1 c5 12. h3 Bh5 13. g4 Bg6 14. Ng3 Nc7 15. h4 h6 16. h5 Bh7 17. g5 hxg5 18. Nxg5 Bxg5 19. Bxg5 cxd4 20. cxd4 f6 21. exf6 Nxf6 22. h6 gxh6 23. Bxh6 Qxb2 24. Rc1 Rf7 25. Rxc7 Rxc7 26. Rxe6 Rf7 27. Bf4 Qb1 28. Qxb1 Bxb1 29. Be5 Ne4 30. Nh5 Rf5 31. Rg6+ Kh7 32. Rg7+ Kh6 33. Rxb7 Kxh5 34. Rxb1 Rg8 35. Rb3 Nxf2 36. Kf1 Ne4+ 37. Bf3+ Rxf3+ 38. Rxf3 Nd2+ 39. Ke2 Nxf3 40. Kxf3 Rg6 41. Kf4 Ra6 42. Bc7 Re6 43. Kf5 Re2 44. Be5 Rxa2 45. Ke6 Ra5 46. Bd6 Kg5 47. Bc5 Ra1 48. Kxd5 a5 49. Kc6 a4 50. d5 a3 51. d6 a2 52. Bd4 Rd1 53. Bh8 Kf5 54. d7 Ke6 55. Bb2 Rxd7 0-1


[Site "https://www.chess.com"]

[Event "Titled Tuesday Blitz January 17 Early 2023"]
[White "Aradhya, Garg"]
[Black "Movahed, Sina"]
[WhiteFideId "25006746"]
[BlackFideId "42520835"]
[WhiteElo "2284"]
[BlackElo "2340"]
[Result "0-1"]
[Round "08"]
[TimeControl "180+2"]
[Date "2023.01.17"]
[WhiteClock "0:00:17"]
[BlackClock "0:00:19"]

1. d4 Nf6 2. c4 g6 3. Nf3 Bg7 4. g3 O-O 5. Bg2 d6 6. Nc3 Nbd7 7. O-O e5 8. h3 Re8 9. Re1 exd4 10. Nxd4 a5 11. Ndb5 Ne5 12. b3 a4 13. Rb1 axb3 14. axb3 Re6 15. Bg5 c6 16. Nd4 Re8 17. Ne4 Qe7 18. Qc1 Ned7 19. Qf4 h6 20. Nxf6+ Bxf6 21. Bxh6 Nc5 22. Qd2 Ne4 23. Bxe4 Qxe4 24. Nf3 Bxh3 25. Qxd6 Bc3 26. Rec1 Rad8 27. Qf4 Qxe2 28. Ng5 Bf5 29. Rxc3 Rd1+ 30. Rxd1 Qxd1+ 31. Kg2 f6 32. Qc7 Bd7 33. Qf4 fxg5 34. Qf6 Bh3+ 35. Kh2 Qd7 36. Rd3 Qh7 37. Rd8 Bd7 38. Qxg5 Qf7 39. Kg2 Qe6 40. Rxe8+ Bxe8 41. Qf4 Qf7 42. Qe5 Bd7 43. Qb8+ Kh7 44. Be3 b5 45. cxb5 cxb5 46. Qd6 Bf5 47. b4 Be4+ 48. Kf1 Qf3 49. Qe7+ Kg8 50. Qd8+ Kh7 51. Qe7+ Kg8 52. Qe8+ Kg7 53. Bd4+ Kh6 54. Qh8+ Kg5 55. Qh4+ Kf5 56. Qf6+ Kg4 57. Qh4+ Kf5 58. g4+ Ke6 59. Ke1 Bd3 60. Qf6+ Qxf6 61. Bxf6 Kxf6 62. Kd2 Bc4 63. Ke3 Kg5 64. f3 Kh4 65. Kf4 g5+ 66. Ke5 Be2 67. f4 Kxg4 68. f5 Bc4 69. f6 Kf3 70. Kd6 g4 71. Ke7 g3 72. f7 Bxf7 73. Kxf7 g2 74. Ke6 g1=Q 75. Kd5 Qb1 76. Kc5 Qd3 77. Kb6 Qc4 78. Ka5 Ke4 79. Kb6 Kd5 80. Ka5 Kd6 81. Ka6 Qxb4 82. Kb6 Qc5+ 83. Ka6 b4 84. Kb7 b3 85. Ka8 b2 86. Kb7 b1=Q+ 87. Ka8 Qa2+ 88. Kb7 Qaa7# 0-1


[Site "https://www.chess.com"]

[Event "Titled Tuesday Blitz January 17 Early 2023"]
[White "Ashraf, Artin"]
[Black "Bharath Subramaniyam H"]
[WhiteFideId "22514805"]
[BlackFideId "46634827"]
[WhiteElo "2314"]
[BlackElo "2517"]
[Result "0-1"]
[Round "08"]
[TimeControl "180+2"]
[Date "2023.01.17"]
[WhiteClock "0:00:03"]
[BlackClock "0:00:41"]

1. Nf3 c5 2. e4 Nf6 3. Nc3 d5 4. exd5 Nxd5 5. Bc4 Nb6 6. Bb5+ Bd7 7. Bxd7+ N8xd7 8. O-O g6 9. a4 a6 10. Qe2 Bg7 11. Re1 e6 12. a5 Nc8 13. d3 O-O 14. Bg5 Qc7 15. Qd2 Nd6 16. Bh6 Nf5 17. Bxg7 Kxg7 18. Ra4 Nf6 19. Ne4 Nxe4 20. dxe4 Ne7 21. e5 Nf5 22. Qg5 Qe7 23. Qxe7 Nxe7 24. Rc4 Rac8 25. Re3 Rfd8 26. g3 Rd5 27. Rb3 Rc7 28. Rbc3 Rc6 29. Rb3 Rd7 30. Ng5 Nf5 31. Ne4 Nd4 32. Re3 Rd5 33. f4 b5 34. axb6 Rxb6 35. b3 Rb4 36. Rxc5 Rxc5 37. Nxc5 Nxc2 38. Rc3 Nd4 39. Kf2 a5 40. Ke3 Nf5+ 41. Kd3 h5 42. Kc2 h4 43. Nd3 Re4 44. gxh4 Re2+ 45. Kb1 Re3 46. Kb2 Rh3 47. Nc5 Rxh2+ 48. Ka3 Rxh4 49. Rc4 Ne3 50. Ra4 Nd5 51. f5 Rxa4+ 52. Kxa4 exf5 53. Kxa5 f4 54. b4 f3 55. Ne4 g5 56. b5 Kg6 57. Ng3 g4 58. b6 Nxb6 59. Kxb6 Kg5 60. Kc5 Kf4 61. Nh5+ Kxe5 62. Kc4 f2 63. Ng3 Kf4 64. Nf1 g3 0-1


[Site "https://www.chess.com"]

[Event "Titled Tuesday Blitz January 17 Early 2023"]
[White "Costachi, Mihnea"]
[Black "Moroni, Luca Jr"]
[WhiteFideId "1217518"]
[BlackFideId "865834"]
[WhiteElo "2476"]
[BlackElo "2535"]
[Result "0-1"]
[Round "08"]
[TimeControl "180+2"]
[Date "2023.01.17"]
[WhiteClock "0:00:04"]
[BlackClock "0:00:11"]

1. Nc3 g6 2. d4 Bg7 3. e4 a6 4. a4 d6 5. Nf3 Nf6 6. Be2 O-O 7. O-O Nc6 8. h3 e5 9. dxe5 Nxe5 10. Nxe5 dxe5 11. Be3 Qe7 12. Nd5 Nxd5 13. Qxd5 Rd8 14. Qb3 b6 15. Rfd1 Bb7 16. f3 a5 17. Bc4 Bf6 18. Bd5 Bxd5 19. Rxd5 Rxd5 20. Qxd5 Rd8 21. Qc4 Bg5 22. Bxg5 Qxg5 23. Qxc7 Rd2 24. Qc8+ Kg7 25. Qg4 Qe3+ 26. Kh2 Rxc2 27. Rd1 h5 28. Qg3 Qc5 29. Rd5 Qc7 30. b3 Rc5 31. Rd2 Qe7 32. Qf2 Qg5 33. Rc2 Qf4+ 34. Kh1 Rxc2 35. Qxc2 Qe3 36. Qc4 h4 37. Qd5 Qc3 38. Kh2 f6 39. Qe6 Qb4 40. Kh1 Qc5 41. Kh2 Qc7 42. Qg4 Qf7 43. Qxh4 Qxb3 44. Qg4 Qxa4 45. Qe6 Qb4 46. Qd7+ Kh6 47. Qd8 Kg7 48. Qd7+ Kf8 49. Qd8+ Kf7 50. Qc7+ Qe7 51. Qxb6 a4 52. Qb5 a3 53. Qd5+ Qe6 54. Qb7+ Qe7 55. Qa8 Kg7 56. Qd5 Qf7 57. Qa5 a2 58. Qa8 Qb3 59. Qa7+ Kh6 60. Qa8 Qb2 61. h4 Kh7 62. Qa7+ Kh6 63. Qa8 Kg7 64. Qa7+ Kf8 65. Qc5+ Ke8 66. Qc8+ Ke7 67. Qc7+ Ke6 68. Qc6+ Kf7 69. Qd7+ Kf8 70. Qd8+ Kf7 71. Qd7+ Kg8 72. Qe8+ Kg7 73. Qe7+ Kg8 74. Qe8+ Kg7 75. Qe7+ Kh6 76. Qf8+ Kh7 77. Qf7+ Kh8 78. Qxf6+ Kg8 79. Qxg6+ Kf8 80. Qf6+ Ke8 81. Qe6+ Kd8 82. Qd6+ Kc8 83. Qc6+ Kb8 84. Qd6+ Kb7 85. Qd7+ Kb6 86. Qd6+ Ka5 87. Qc5+ Ka4 88. Qc4+ Ka3 89. Qa6+ Kb3 90. Qb5+ Kc2 91. Qe2+ Kc3 92. Qe3+ Kc4 93. Qa7 a1=Q 94. Qc7+ Kd3 95. Qd6+ Qd4 96. Qg6 Qag1+ 97. Kh3 Qh1+ 98. Kg4 Qxg2+ 99. Kh5 Qxg6+ 100. Kxg6 Ke3 0-1


[Site "https://www.chess.com"]

[Event "Titled Tuesday Blitz January 17 Early 2023"]
[White "Bocharov, Dmitry"]
[Black "Galchenko, Matvey"]
[WhiteFideId "4138716"]
[BlackFideId "24175480"]
[WhiteElo "2516"]
[BlackElo "2438"]
[Result "1/2-1/2"]
[Round "08"]
[TimeControl "180+2"]
[Date "2023.01.17"]
[WhiteClock "0:00:15"]
[BlackClock "0:00:09"]

1. d4 Nf6 2. c4 c5 3. d5 e6 4. Nc3 exd5 5. cxd5 d6 6. Nf3 g6 7. Bf4 Bg7 8. h3 O-O 9. e3 Na6 10. Bxa6 bxa6 11. Rc1 Re8 12. Nd2 a5 13. O-O Ba6 14. Re1 Rb8 15. b3 Qe7 16. Nc4 Bxc4 17. bxc4 Nd7 18. Qa4 Rb4 19. Qxa5 Rxc4 20. Nb5 Rxc1 21. Rxc1 Ne5 22. Qa6 Rd8 23. Bg3 Rd7 24. Qc8+ Bf8 25. Bxe5 dxe5 26. e4 Rd8 27. Qa6 Qg5 28. Rd1 c4 29. Qc6 Qh5 30. Re1 Bb4 31. Rb1 Qe2 32. d6 Bxd6 33. Rc1 Ba3 34. Qxc4 Rd1+ 35. Kh2 Qxc4 36. Rxc4 Bf8 37. Rc7 Rd2 38. Rxa7 Rxf2 39. Ra8 Kg7 40. Nc7 Bc5 41. a4 Ra2 42. a5 Be3 43. a6 Bf4+ 44. Kg1 Be3+ 45. Kf1 Rc2 46. Ne8+ Kh6 47. Nd6 Ra2 48. Nxf7+ Kh5 49. Nxe5 Rf2+ 50. Ke1 Ra2 51. Ng4 Bb6 52. Rb8 Rxa6 53. Rb7 h6 54. Ke2 Ra2+ 55. Kd3 Bd8 56. e5 Rxg2 57. Rb8 Bg5 58. Ke4 Rg3 59. Nf6+ Kh4 60. Rg8 Rxh3 61. Rxg6 Re3+ 62. Kf5 Re1 63. Ne4 Rf1+ 64. Ke6 Re1 65. Nxg5 hxg5 66. Kf5 Rf1+ 67. Ke6 g4 68. Ke7 g3 69. e6 Re1 70. Ke8 Kh3 71. e7 g2 72. Rh6+ Kg3 73. Rg6+ Kf2 74. Kf7 Rxe7+ 75. Kxe7 g1=Q 76. Rxg1 Kxg1 1/2-1/2


[Site "https://www.chess.com"]

[Event "Titled Tuesday Blitz January 17 Early 2023"]
[White "Szpar, Milosz"]
[Black "Paichadze, Luka"]
[WhiteFideId "1184989"]
[BlackFideId "13602934"]
[WhiteElo "2447"]
[BlackElo "2515"]
[Result "1-0"]
[Round "08"]
[TimeControl "180+2"]
[Date "2023.01.17"]
[WhiteClock "0:00:15"]
[BlackClock "0:00:18"]

1. e4 c6 2. d4 d5 3. e5 c5 4. dxc5 e6 5. a3 Bxc5 6. Qg4 Ne7 7. Bd3 O-O 8. Nf3 Ng6 9. Qg3 f5 10. h4 Nc6 11. Bf4 Qb6 12. O-O Qxb2 13. Nbd2 Qb6 14. c4 d4 15. h5 Nxf4 16. Qxf4 h6 17. Rab1 Qc7 18. Nb3 b6 19. Nbxd4 Nxd4 20. Nxd4 Rd8 21. Nb5 Qf7 22. Be2 Bb7 23. Rbd1 Qe7 24. Bf3 Bxf3 25. Qxf3 a6 26. Nd6 Ra7 27. Qc6 Rad7 28. Rd3 Bxd6 29. Rfd1 Qh4 30. Rxd6 Rxd6 31. Rxd6 Rf8 32. Rd7 Qxh5 33. Qxe6+ Kh8 34. Qxb6 f4 35. Qd6 Rf5 36. e6 Re5 37. Rd8+ Kh7 38. Qd3+ Qg6 39. Rh8+ Kxh8 40. Qxg6 1-0


[Site "https://www.chess.com"]

[Event "Titled Tuesday Blitz January 17 Early 2023"]
[White "Krzyzanowski, Marcin"]
[Black "Guliev, Logman"]
[WhiteFideId "1132199"]
[BlackFideId "13400061"]
[WhiteElo "2512"]
[BlackElo "2250"]
[Result "1-0"]
[Round "08"]
[TimeControl "180+2"]
[Date "2023.01.17"]
[WhiteClock "0:01:47"]
[BlackClock "0:00:56"]

1. e4 c5 2. Nf3 d6 3. Bb5+ Bd7 4. Bxd7+ Nxd7 5. O-O Ngf6 6. Re1 g6 7. c3 Bg7 8. d4 cxd4 9. cxd4 O-O 10. Nc3 a6 11. h3 e6 12. Bg5 Qa5 13. Qd2 Rfe8 14. Rad1 e5 15. a3 Rac8 16. Bh6 exd4 17. Nxd4 Nxe4 18. Rxe4 Rxe4 19. Bxg7 Rxc3 20. Nb3 1-0


[Site "https://www.chess.com"]

[Event "Titled Tuesday Blitz January 17 Early 2023"]
[White "Janaszak, Dawid"]
[Black "Demchenko, Anton"]
[WhiteFideId "1119206"]
[BlackFideId "4160258"]
[WhiteElo "2316"]
[BlackElo "2623"]
[Result "0-1"]
[Round "08"]
[TimeControl "180+2"]
[Date "2023.01.17"]
[WhiteClock "0:00:20"]
[BlackClock "0:00:36"]

1. d4 Nf6 2. Nf3 e6 3. Bg5 c5 4. e3 h6 5. Bxf6 Qxf6 6. Nc3 cxd4 7. Nxd4 a6 8. Qd3 Nc6 9. O-O-O d5 10. f4 Nxd4 11. Qxd4 Qxd4 12. Rxd4 Bc5 13. Rd3 Bd7 14. Be2 Rc8 15. Bf3 Bc6 16. e4 d4 17. Ne2 Bb5 18. Rdd1 Rd8 19. Kb1 d3 20. cxd3 Bxd3+ 21. Ka1 Ke7 22. e5 b6 23. Ng3 Be3 24. Be2 Bg6 25. f5 exf5 26. Bh5 f4 27. Bxg6 Rxd1+ 28. Rxd1 fxg3 29. Bf5 gxh2 30. Be4 Rd8 31. Re1 Bf2 32. Rf1 Bg3 33. a4 Rd2 34. Bb7 Bxe5 35. Re1 Kd6 36. Bxa6 Rxb2 0-1


[Site "https://www.chess.com"]

[Event "Titled Tuesday Blitz January 17 Early 2023"]
[White "UnknownMagician"]
[Black "Grandelius, Nils"]
[BlackFideId "1710400"]
[WhiteElo "2637"]
[BlackElo "2664"]
[Result "0-1"]
[Round "08"]
[TimeControl "180+2"]
[Date "2023.01.17"]
[WhiteClock "0:00:05"]
[BlackClock "0:00:27"]

1. c4 b6 2. Nc3 Bb7 3. e3 g6 4. Nf3 Bg7 5. d4 Nf6 6. Be2 O-O 7. O-O e6 8. b3 d6 9. Bb2 Ne4 10. Nxe4 Bxe4 11. Nd2 Bb7 12. Bf3 Qc8 13. Bxb7 Qxb7 14. Rb1 Nd7 15. Qf3 Qxf3 16. Nxf3 a6 17. Rfd1 b5 18. e4 bxc4 19. bxc4 Rfb8 20. Ba3 Nb6 21. Rdc1 Bh6 22. Rc3 Nxc4 23. Rxb8+ Rxb8 24. g4 Nxa3 25. Rxa3 Rb6 26. d5 Bg7 27. Ra4 exd5 28. exd5 c5 29. dxc6 Rxc6 30. Nd2 d5 31. Kg2 Bf8 32. Nf3 Kg7 33. Ne5 Re6 34. Nd7 Be7 35. Nb8 Re2 36. Kf3 Rb2 37. Nxa6 Bh4 38. Nc7 d4 39. Rxd4 Rxf2+ 40. Ke4 Rxa2 41. h3 Re2+ 42. Kd5 Re3 43. Kd6 Bg3+ 44. Kd7 Bxc7 45. Kxc7 Rxh3 46. Kd6 h5 47. gxh5 Rxh5 0-1


[Site "https://www.chess.com"]

[Event "Titled Tuesday Blitz January 17 Early 2023"]
[White "Pfreundt, Jakob"]
[Black "Zhigalko, Sergei"]
[WhiteFideId "12918156"]
[BlackFideId "13502956"]
[WhiteElo "2407"]
[BlackElo "2572"]
[Result "0-1"]
[Round "08"]
[TimeControl "180+2"]
[Date "2023.01.17"]
[WhiteClock "0:00:08"]
[BlackClock "0:00:33"]

1. Nf3 d5 2. g3 c6 3. Bg2 Bg4 4. h3 Bh5 5. O-O Nd7 6. d4 Ngf6 7. c4 e6 8. cxd5 exd5 9. Qb3 Qb6 10. Qe3+ Be7 11. Nh4 Bg6 12. Nc3 Qd8 13. Nxg6 hxg6 14. Qd3 O-O 15. Bf4 Re8 16. Rad1 Qb6 17. Qc2 Nf8 18. Bg5 Ne6 19. Bxf6 gxf6 20. e3 f5 21. h4 Kg7 22. Bf3 Rh8 23. Kg2 Rae8 24. Rh1 f4 25. gxf4 Bxh4 26. Rh3 Bf6 27. Rdh1 Rxh3 28. Kxh3 Bxd4 29. exd4 Nxf4+ 30. Kg3 Qxd4 31. Qc1 g5 32. Qc2 Nd3 33. Qd2 f6 34. Nd1 Qe5+ 35. Kg2 Ne1+ 36. Rxe1 Qxe1 37. Qd3 Rh8 38. Bg4 Qh1+ 39. Kg3 Qh2+ 40. Kf3 Qf4+ 0-1


[Site "https://www.chess.com"]

[Event "Titled Tuesday Blitz January 17 Early 2023"]
[White "Maximov, Dmitry"]
[Black "Maksimenko, Viktor"]
[WhiteFideId "14105659"]
[BlackFideId "13710478"]
[WhiteElo "2497"]
[BlackElo "2196"]
[Result "1-0"]
[Round "08"]
[TimeControl "180+2"]
[Date "2023.01.17"]
[WhiteClock "0:02:04"]
[BlackClock "0:00:59"]

1. e4 e5 2. Nf3 Nc6 3. Bb5 a6 4. Ba4 Nf6 5. O-O b5 6. Bb3 Bc5 7. d3 d6 8. h3 h6 9. Be3 Bxe3 10. fxe3 O-O 11. Nc3 Be6 12. Qe1 Ne7 13. Nh4 Qd7 14. Rxf6 gxf6 15. Qf2 Bxb3 16. axb3 Qe6 17. Rf1 Kg7 18. Nd5 Ng6 19. Nxc7 1-0


[Site "https://www.chess.com"]

[Event "Titled Tuesday Blitz January 17 Early 2023"]
[White "Ozen, Bahadir"]
[Black "Andreev, Eduard"]
[WhiteFideId "6337058"]
[BlackFideId "14103400"]
[WhiteElo "2369"]
[BlackElo "2413"]
[Result "1/2-1/2"]
[Round "08"]
[TimeControl "180+2"]
[Date "2023.01.17"]
[WhiteClock "0:00:11"]
[BlackClock "0:01:01"]

1. g3 Nf6 2. Bg2 d5 3. Nf3 g6 4. O-O Bg7 5. d3 O-O 6. Nbd2 c5 7. e4 e6 8. Re1 Nc6 9. c3 a5 10. a4 b6 11. exd5 exd5 12. Nf1 Ba6 13. Bg5 h6 14. Bxf6 Bxf6 15. Qc2 Rc8 16. Rad1 d4 17. h4 h5 18. Qb3 Qc7 19. N1d2 dxc3 20. bxc3 Bxd3 21. Nc4 Bxc4 22. Qxc4 Ne5 23. Nxe5 Bxe5 24. f4 Bf6 25. Be4 Kg7 26. Kg2 Rcd8 27. Bf3 Rxd1 28. Rxd1 Rd8 29. Rxd8 Qxd8 30. Bd5 Qd7 31. Kf2 Qe7 32. Be4 Qd7 33. Bd5 Qe7 34. Be4 Kf8 35. Kf3 Qd7 36. Ke2 Qg4+ 37. Kf2 Qd1 38. Bd5 Qd2+ 39. Kf3 Qxc3+ 40. Qxc3 Bxc3 41. Bc4 Ke7 42. Ke4 Be1 43. Kf3 f6 44. Bd3 Kf7 45. Bc4+ Kg7 46. Bd3 Kh6 47. Bc4 g5 48. fxg5+ fxg5 49. hxg5+ Kxg5 50. Bf7 Kf5 51. Bxh5 c4 52. Ke2 Bxg3 53. Kd2 Be5 54. Be8 Ke4 55. Kc2 Kd4 56. Bb5 Kc5 57. Be8 Kb4 58. Bb5 c3 59. Be8 Kc4 60. Bb5+ Kb4 61. Be8 Ka3 62. Bb5 Ka2 63. Be8 Ka1 64. Bb5 Ka2 65. Bc6 Ka3 66. Bb5 Kb4 1/2-1/2


[Site "https://www.chess.com"]

[Event "Titled Tuesday Blitz January 17 Early 2023"]
[White "Mammadzada, Gunay"]
[Black "Bacrot, Etienne"]
[WhiteFideId "13403729"]
[BlackFideId "605506"]
[WhiteElo "2449"]
[BlackElo "2667"]
[Result "1-0"]
[Round "08"]
[TimeControl "180+2"]
[Date "2023.01.17"]
[WhiteClock "0:00:18"]
[BlackClock "0:00:03"]

1. e4 c6 2. d4 d5 3. Nc3 dxe4 4. Nxe4 Nf6 5. Nxf6+ exf6 6. Bc4 Bd6 7. Qe2+ Be7 8. Nf3 O-O 9. O-O Bd6 10. h3 Nd7 11. Bd3 Re8 12. Qd1 Nf8 13. c4 Ng6 14. Be3 Be6 15. Re1 Rc8 16. Bf1 Bb8 17. Qd2 h6 18. Rad1 Bd7 19. d5 c5 20. Bd3 f5 21. Qc2 Qf6 22. b4 cxb4 23. Bd4 Rxe1+ 24. Rxe1 Qd6 25. Bxf5 b5 26. Bxg6 fxg6 27. c5 Qxd5 28. Re7 Bf5 29. Qe2 Rc7 30. Re8+ Kh7 31. Rxb8 Qd7 32. Qxb5 Qe6 33. Rb7 a6 34. Qxb4 a5 35. Rxc7 1-0


[Site "https://www.chess.com"]

[Event "Titled Tuesday Blitz January 17 Early 2023"]
[White "Murzin, Volodar"]
[Black "Mohamed Anees M"]
[WhiteFideId "44155573"]
[BlackFideId "35065815"]
[WhiteElo "2604"]
[BlackElo "2315"]
[Result "1-0"]
[Round "08"]
[TimeControl "180+2"]
[Date "2023.01.17"]
[WhiteClock "0:00:22"]
[BlackClock "0:00:03"]

1. Nf3 d5 2. g3 Nf6 3. Bg2 Bf5 4. O-O e6 5. d3 h6 6. Nbd2 Be7 7. Qe1 O-O 8. e4 dxe4 9. dxe4 Bh7 10. Qe2 c5 11. Rd1 Nc6 12. e5 Nd5 13. c4 Ndb4 14. Ne4 Nd4 15. Nxd4 cxd4 16. Bf4 Nc6 17. h4 Qb6 18. Rac1 Rad8 19. c5 Qa5 20. a3 Qa4 21. Rd2 Rd7 22. Nd6 g5 23. hxg5 hxg5 24. Bxg5 Bxg5 25. Qg4 Nxe5 26. Qxg5+ Ng6 27. Ne4 Rc7 28. Nf6+ 1-0


[Site "https://www.chess.com"]

[Event "Titled Tuesday Blitz January 17 Early 2023"]
[White "Rustemov, Alexander"]
[Black "Aldokhin, Ivan"]
[WhiteFideId "4119002"]
[BlackFideId "24115720"]
[WhiteElo "2525"]
[BlackElo "2413"]
[Result "1-0"]
[Round "08"]
[TimeControl "180+2"]
[Date "2023.01.17"]
[WhiteClock "0:02:03"]
[BlackClock "0:00:03"]

1. d4 Nf6 2. c4 g6 3. Nf3 Bg7 4. g3 d6 5. Bg2 O-O 6. Nc3 Nc6 7. O-O Bf5 8. Ne1 Qc8 9. e4 Bh3 10. f3 Bxg2 11. Kxg2 e5 12. d5 Ne7 13. Nd3 b6 14. Be3 Nd7 15. b4 f5 16. Qd2 Nf6 17. c5 h5 18. h3 f4 19. gxf4 exf4 20. Nxf4 h4 21. Ne6 Rf7 22. cxd6 cxd6 23. Rac1 Qd7 24. Ne2 Nh5 25. Rc7 Qe8 26. Rfc1 Be5 27. f4 Bh8 28. Bd4 Rc8 29. Bxh8 Kxh8 30. Rxc8 Nxc8 31. Qc3+ Kh7 32. Qxc8 1-0


[Site "https://www.chess.com"]

[Event "Titled Tuesday Blitz January 17 Early 2023"]
[White "Tsaruk, Maksim"]
[Black "Omelja, Artem"]
[WhiteFideId "13511173"]
[BlackFideId "14119846"]
[WhiteElo "2373"]
[BlackElo "2446"]
[Result "1-0"]
[Round "08"]
[TimeControl "180+2"]
[Date "2023.01.17"]
[WhiteClock "0:01:19"]
[BlackClock "0:00:02"]

1. e4 c5 2. Nf3 Nc6 3. Bb5 g6 4. Bxc6 bxc6 5. O-O Bg7 6. Re1 e5 7. d3 d6 8. a3 Ne7 9. b4 cxb4 10. axb4 O-O 11. Be3 Qc7 12. Qd2 Rd8 13. Bh6 Bh8 14. Nc3 Bb7 15. Ra5 c5 16. Nb5 Qb6 17. bxc5 Qxc5 18. Be3 Qc8 19. Rxa7 Rxa7 20. Nxa7 Qg4 21. h3 Qh5 22. c4 f5 23. Qb4 Ba8 24. Bg5 fxe4 25. dxe4 Kf7 26. c5 d5 27. c6 Re8 28. Bxe7 Rxe7 29. exd5 Rxa7 30. Qb8 Ra3 31. Qxh8 e4 32. Ne5+ Ke7 33. c7 Rc3 34. Nc6+ Bxc6 35. Qxc3 Bd7 36. c8=Q Bxc8 37. Qxc8 Qxd5 38. Qg4 Kf6 39. Qxe4 Qd6 40. Qb7 h5 41. Ra1 Qd4 42. Ra6+ Kg5 43. Qe7+ Kh6 44. Qf8+ Kg5 45. Ra5+ Kh4 46. Qe7+ g5 47. Qxg5# 1-0


[Site "https://www.chess.com"]

[Event "Titled Tuesday Blitz January 17 Early 2023"]
[White "Rakhmanov, Aleksandr"]
[Black "Bosnjak, Petar"]
[WhiteFideId "4173708"]
[BlackFideId "14532581"]
[WhiteElo "2632"]
[BlackElo "2337"]
[Result "1-0"]
[Round "08"]
[TimeControl "180+2"]
[Date "2023.01.17"]
[WhiteClock "0:00:33"]
[BlackClock "0:00:18"]

1. d4 c6 2. c4 d5 3. cxd5 cxd5 4. Nf3 Nc6 5. Nc3 Nf6 6. Bf4 a6 7. Ne5 e6 8. e3 Bd6 9. Bd3 O-O 10. Rc1 Qe7 11. Bg3 Bd7 12. f4 g6 13. Bh4 Rfc8 14. Bxf6 Qxf6 15. Nxd7 Qd8 16. Ne5 Rc7 17. O-O Rac8 18. Qg4 Nb4 19. Bb1 Nc6 20. Rf3 f5 21. Qh3 Nxe5 22. fxe5 Bb4 23. g4 Qg5 24. Qg3 Qxg4 25. Qxg4 fxg4 26. Rff1 Bxc3 27. bxc3 Rxc3 28. Rxc3 Rxc3 29. Kf2 b5 30. Ke2 Rc4 31. Kd2 Rc8 32. Rf4 Kg7 33. Rxg4 a5 34. Rf4 b4 35. Bc2 Rc3 36. Bb3 1-0


[Site "https://www.chess.com"]

[Event "Titled Tuesday Blitz January 17 Early 2023"]
[White "Garakov, Mikhael"]
[Black "Borges Feria, Yasel"]
[WhiteFideId "4169034"]
[BlackFideId "3504921"]
[WhiteElo "2447"]
[BlackElo "2439"]
[Result "1/2-1/2"]
[Round "08"]
[TimeControl "180+2"]
[Date "2023.01.17"]
[WhiteClock "0:02:28"]
[BlackClock "0:02:01"]

1. e4 e5 2. Nf3 Nc6 3. Bb5 a6 4. Bxc6 dxc6 5. O-O f6 6. d4 exd4 7. Nxd4 c5 8. Nb3 Qxd1 9. Rxd1 Bg4 10. f3 Bd7 11. Nc3 O-O-O 12. Bf4 c4 13. Na5 Bc5+ 14. Kh1 b5 15. Nd5 Ne7 16. Bxc7 Nxd5 17. Rxd5 Kxc7 18. Rxc5+ Kb6 19. b4 cxb3 20. Nxb3 Be6 21. Rc3 Rc8 1/2-1/2


[Site "https://www.chess.com"]

[Event "Titled Tuesday Blitz January 17 Early 2023"]
[White "Rozman, Levy"]
[Black "Flores Quillas, Diego Saul Rodri"]
[WhiteFideId "2039877"]
[BlackFideId "3822508"]
[WhiteElo "2322"]
[BlackElo "2359"]
[Result "0-1"]
[Round "08"]
[TimeControl "180+2"]
[Date "2023.01.17"]
[WhiteClock "0:00:03"]
[BlackClock "0:00:04"]

1. e4 c5 2. a3 d5 3. exd5 Qxd5 4. Nf3 Nc6 5. Nc3 Qd8 6. Bb5 Bd7 7. O-O Nf6 8. d4 cxd4 9. Nxd4 Nxd4 10. Qxd4 Bxb5 11. Nxb5 Qxd4 12. Nxd4 Rc8 13. Bf4 a6 14. Rac1 e6 15. c4 Be7 16. b4 O-O 17. Nb3 Rfd8 18. c5 Nd5 19. Bg3 Bf6 20. Rc2 g5 21. Na5 Rd7 22. Rfc1 Nc3 23. h3 Ne4 24. Nc4 Rd3 25. a4 Rb3 26. Nd6 Nxd6 27. Bxd6 Rc6 28. Rc4 Kg7 29. a5 Kg6 30. g4 h5 31. Kg2 Bb2 32. Rb1 hxg4 33. Rxg4 f5 34. Rc4 Rc3 35. Rd4 Rc2 36. Rd3 Bf6 37. b5 axb5 38. Rxb5 Ra2 39. Rdb3 Bd4 40. Rf3 f4 41. h4 e5 42. hxg5 Kxg5 43. Rxb7 Rxa5 44. Rg7+ Kf5 45. Rf7+ Ke4 46. Re7 Ra2 47. Re8 Rca6 48. Rb3 Rxf2+ 49. Kh3 Rf3+ 50. Rxf3 Kxf3 51. Kh4 Rc6 52. Bxe5 Bxc5 53. Bf6 Be3 54. Bg5 Rc1 55. Kh5 Rh1+ 56. Kg6 Kg3 57. Kf5 Bd2 58. Rg8 Kf3 59. Rf8 Ke2 60. Bxf4 Bxf4 61. Ke4 Be3 62. Rf3 Rh4+ 0-1


[Site "https://www.chess.com"]

[Event "Titled Tuesday Blitz January 17 Early 2023"]
[White "Starozhilov, Leonid"]
[Black "Womacka, Mathias"]
[WhiteFideId "14106752"]
[BlackFideId "4611390"]
[WhiteElo "2313"]
[BlackElo "2396"]
[Result "0-1"]
[Round "08"]
[TimeControl "180+2"]
[Date "2023.01.17"]
[WhiteClock "0:00:05"]
[BlackClock "0:00:02"]

1. e4 c5 2. Nf3 d6 3. Bb5+ Nd7 4. O-O a6 5. Bxd7+ Bxd7 6. c3 Nf6 7. Re1 g6 8. d4 Bg7 9. Bg5 h6 10. Bh4 O-O 11. Nbd2 cxd4 12. cxd4 Rc8 13. Qb3 b5 14. e5 dxe5 15. dxe5 Nh5 16. Rad1 g5 17. Bxg5 hxg5 18. Nxg5 Qb6 19. Qd3 Qg6 20. Qxd7 Qxg5 21. Nf3 Qg6 22. Qxe7 Rc2 23. Rd6 Qf5 24. e6 Nf4 25. exf7+ Rxf7 26. Rd8+ Rf8 27. Rxf8+ Bxf8 28. Qh4 Re2 29. Rd1 Re4 30. Qg3+ Ng6 31. h4 Rg4 32. Qh2 Qxf3 33. h5 Qxd1# 0-1


[Site "https://www.chess.com"]

[Event "Titled Tuesday Blitz January 17 Early 2023"]
[White "Dourerassou, Jonathan"]
[Black "Sihite, Chelsie Monica Ignesias"]
[WhiteFideId "628050"]
[BlackFideId "7101198"]
[WhiteElo "2414"]
[BlackElo "2266"]
[Result "1-0"]
[Round "08"]
[TimeControl "180+2"]
[Date "2023.01.17"]
[WhiteClock "0:00:50"]
[BlackClock "0:00:03"]

1. d4 Nf6 2. Bg5 b6 3. Bxf6 exf6 4. e4 Bb7 5. Nc3 Be7 6. Bc4 O-O 7. Qg4 a6 8. Nf3 b5 9. Bd3 d5 10. exd5 g6 11. O-O-O b4 12. Ne2 Qxd5 13. Kb1 Bc8 14. Qh4 Be6 15. Nc1 Nc6 16. Be4 Qd6 17. Bxc6 Qxc6 18. Rhe1 Qd5 19. Nd2 a5 20. Ne4 Kg7 21. f4 a4 22. Rd3 b3 23. Nc3 bxc2+ 24. Ka1 Qc4 25. d5 Bf5 26. Rf3 Bb4 27. g4 a3 28. gxf5 axb2+ 29. Kxb2 Ba3+ 30. Kxc2 Bxc1 31. Rh3 Rxa2+ 32. Kxc1 h5 33. fxg6 Rfa8 34. gxf7 Ra1+ 35. Kd2 R8a2+ 36. Nxa2 Qd4+ 37. Ke2 Qe4+ 38. Kf1 Qh1+ 39. Ke2 Rxa2+ 40. Ke3 Ra3+ 41. Kd4 Ra4+ 42. Kc3 Ra3+ 43. Kb4 Rxh3 44. f8=Q+ Kxf8 45. Qxf6+ Kg8 46. Re8+ 1-0


[Site "https://www.chess.com"]